Map: King Sejong Station LE

Players

ChenZhen - Winner!

  • Race: Terran Terran
  • League: Gold

blackxored

  • Race: Zerg Zerg
  • League: Platinum

VOD

Have the link to the VOD?

Description

Time

  • Played on: June 29, 2016, 6:57 p.m.
  • Length: 21:15
Show
View Real Time Build Order
Export as new Build Order

ChenZhen Terran - Winner!

Build Orders: Command Center First (CC), MMM Bio 

Get SALT Encoding   

  12  0:01  SCV  
  13  0:13  SCV  
  14  0:18  Supply Depot  
  14  0:25  SCV  
  15  0:40  SCV  
  16  0:52  SCV  
  17  1:04  Command Center  
  17  1:07  SCV  
  18  1:15  Barracks  
  18  1:19  SCV  
  18  1:23  Refinery  
  19  1:31  SCV  
  20  1:41  Supply Depot  
  20  1:43  SCV  
  21  1:55  SCV  
  22  2:03  Marine  
  22  2:07  Orbital Command  
  23  2:20  Marine  
  24  2:25  Orbital Command  
  24  2:33  SCV  
  24  2:34  Factory  
  25  2:45  SCV  
  25  2:48  Barracks Reactor  
  25  2:53  SCV  
  25  2:57  SCV  
  23  3:32  Refinery  
  23  3:34  Barracks Tech Lab  
  23  3:36  Hellion x2  
  27  3:45  Command Center  
  27  3:46  SCV  
  28  3:54  Marine  
  29  3:56  Stimpack  
  29  3:58  Hellion x2  
  33  4:03  SCV  
  33  4:08  Orbital Command  
  34  4:13  Marine  
  35  4:19  Barracks  
  35  4:20  Hellion x2, Barracks  
  39  4:33  SCV  
  39  4:35  Marine  
  41  4:43  Supply Depot  
  41  4:44  SCV  
  42  4:53  SCV  
  42  4:56  Hellion, SCV  
  42  4:57  Hellion  
  48  5:00  Marine  
  48  5:03  Orbital Command  
  49  5:08  Barracks Reactor  
  49  5:13  Barracks Reactor  
  49  5:14  SCV x2  
  51  5:25  Marine  
  51  5:26  SCV  
  53  5:32  Supply Depot  
  53  5:34  Starport  
  53  5:35  SCV x2  
  55  5:38  SCV  
  56  5:42  Marine  
  56  5:47  SCV x2  
  59  5:51  SCV  
  59  5:54  Marine x3  
  59  5:55  Marine  
  64  5:59  SCV x2  
  64  6:00  Marine  
  64  6:02  Supply Depot  
  67  6:06  SCV  
  67  6:08  Combat Shields  
  67  6:11  SCV  
  67  6:12  Marine x3, Orbital Command  
  67  6:13  Marine, Medivac x2  
  67  6:18  Marine  
  76  6:22  Supply Depot x2  
  77  6:27  Engineering Bay  
  77  6:28  Engineering Bay, Factory Reactor, Orbital Command  
  77  6:30  Marine  
  78  6:43  Marine  
  78  6:44  Marine x3  
  82  6:49  Medivac x2, SCV  
  87  6:57  Marine  
  87  6:59  Refinery  
  87  7:00  Refinery  
  88  7:01  Marine  
  88  7:03  Barracks  
  88  7:07  Barracks  
  89  7:10  Marine x2  
  89  7:11  Marine  
  89  7:13  Widow Mine x2  
  96  7:19  Terran Infantry Weapons Level 1  
  96  7:20  Terran Infantry Armor Level 1  
  96  7:22  SCV  
  97  7:25  Supply Depot  
  97  7:30  SCV  
  97  7:34  SCV  
  99  7:41  Marine x3  
  99  7:42  Marine  
  99  7:44  Marine  
  101  7:46  SCV x2  
  97  7:52  Supply Depot  
  97  7:54  Barracks Reactor, Barracks Tech Lab  
  97  7:55  Concussive Shells  
  97  7:56  Medivac  
  99  7:59  Marine  
  100  8:06  Medivac  
  100  8:08  Factory Tech Lab  
  100  8:10  SCV x3  
  105  8:26  Viking  
  107  8:29  SCV  
  107  8:31  SCV  
  107  8:32  SCV  
  110  8:40  Armory  
  110  8:41  SCV  
  110  8:43  Supply Depot, SCV  
  110  8:44  SCV  
  110  8:45  Supply Depot  
  113  8:53  Marauder x2  
  117  9:05  Marine x3, Siege Tank  
  117  9:07  Factory  
  119  9:13  Marine x2  
  119  9:14  Marine, Marauder x2  
  116  9:24  SCV  
  116  9:28  SCV x2  
  116  9:29  Supply Depot  
  116  9:30  Supply Depot  
  119  9:37  Siege Tank, SCV  
  121  9:40  SCV  
  121  9:41  Medivac  
  121  9:42  Medivac  
  125  9:49  Marauder x2  
  127  9:59  Marine x2  
  128  10:00  Marine x2, Terran Infantry Weapons Level 2  
  128  10:01  Terran Infantry Armor Level 2  
  128  10:05  Command Center, Factory Tech Lab  
  131  10:09  Refinery, Siege Tank  
  131  10:10  Marauder  
  131  10:13  Terran Vehicle Weapons Level 1  
  136  10:18  Refinery  
  136  10:24  Marine x3, Marauder  
  136  10:25  Marine x2  
  143  10:31  Marauder  
  143  10:35  Viking  
  145  10:36  Medivac  
  147  10:44  Marine  
  148  10:50  Supply Depot  
  148  10:51  Supply Depot  
  148  11:01  Siege Tank  
  149  11:06  Marine x2  
  149  11:08  Marine  
  149  11:12  Marauder x2, Siege Tank  
  149  11:16  Barracks x2  
  149  11:18  Supply Depot x2  
  156  11:19  Barracks  
  156  11:20  Supply Depot  
  156  11:30  Marine  
  157  11:33  Siege Tank, Marine x3, Marauder x2  
  157  11:34  Marine  
  168  11:44  Siege Tank  
  165  11:55  Marauder x2  
  165  11:56  Marine  
  165  11:57  Marine  
  171  12:06  SCV  
  171  12:07  SCV  
  173  12:11  Refinery, Barracks Tech Lab  
  173  12:12  Barracks Reactor  
  173  12:13  Marine x2  
  175  12:16  Marauder x2  
  177  12:32  Terran Infantry Weapons Level 3, Marine, Terran Infantry Armor Level 3  
  177  12:33  Marine x3, Marauder, Terran Vehicle Weapons Level 2  
  182  12:38  Marauder x2  
  182  12:41  SCV x3  
  182  12:42  SCV  
  181  12:48  Siege Tank x2  
  181  12:50  Marine  
  186  12:57  SCV  
  186  12:58  SCV  
  188  12:59  Marauder x2  
  192  13:09  Marine  
  192  13:10  Marine x2, Marauder  
  194  13:20  Marauder x2  
  194  13:25  Marine x2  
  194  13:26  Barracks Reactor  
  200  13:40  Marine  
  200  13:41  Marauder  
  184  13:42  Marauder  
  184  13:45  Marine x3, Marauder  
  172  13:49  Marine  
  172  13:50  Marine x3  
  155  13:58  Marine  
  155  14:00  Medivac x2  
  155  14:02  Marauder  
  155  14:03  Marauder  
  155  14:06  Marauder  
  151  14:19  Marine x2  
  151  14:22  Siege Tank  
  151  14:23  Marauder  
  154  14:24  Marauder  
  154  14:28  Marauder  
  155  14:42  Marine, Command Center  
  155  14:45  Marauder  
  148  14:46  Marauder  
  148  14:49  Marauder  
  142  14:56  Marine  
  128  15:06  Medivac, Marauder  
  128  15:07  Siege Tank, Medivac, Marauder  
  122  15:08  Siege Tank  
  122  15:11  Marauder  
  121  15:18  Terran Vehicle Weapons Level 3  
  121  15:19  SCV x3  
  122  15:25  Marine  
  122  15:27  Marine x2  
  122  15:28  Marauder  
  126  15:29  Marauder  
  126  15:32  Marauder  
  123  15:38  Marine x4  
  123  15:49  Marauder, SCV x2  
  125  15:50  Marauder, SCV  
  125  15:51  SCV  
  125  15:53  Marine x2, Marauder  
  133  15:59  Marine x2  
  132  16:07  Orbital Command  
  132  16:10  Marauder, SCV  
  132  16:11  Marauder, SCV x2  
  137  16:13  SCV  
  137  16:15  Marauder  
  142  16:19  Siege Tank  
  142  16:20  Medivac, Siege Tank  
  142  16:23  SCV x3  
  153  16:26  SCV  
  154  16:35  SCV x2  
  156  16:45  Marine, Marauder x2  
  136  16:50  Marine, Marauder  
  136  16:53  Siege Tank x2  
  143  16:54  Marine  
  143  16:55  Marine, Medivac  
  143  16:57  Marine x2  
  143  16:58  Marine x2  
  151  17:02  Refinery  
  151  17:07  Marauder x2  
  155  17:11  Marauder  
  155  17:15  Marine x2  
  159  17:16  Command Center  
  159  17:19  Marine x4  
  159  17:20  Marine x4  
  167  17:25  Medivac, Siege Tank x2  
  167  17:28  Marauder x2  
  179  17:32  Marine  
  179  17:33  Marine, Marauder  
  175  17:37  Marine x5  
  175  17:38  Marine x3  
  175  17:41  SCV x2  
  183  17:45  Refinery  
  183  17:49  Marauder  
  183  17:50  Marauder  
  184  17:54  Marauder  
  177  18:11  Marauder x2  
  171  18:15  Marine  
  171  18:16  Marauder  
  140  18:21  Marine x2  
  136  18:32  Marauder x2  
  136  18:33  SCV x3  
  143  18:37  Marauder  
  145  18:50  Command Center  
  145  18:52  Siege Tank  
  145  18:54  Marauder  
  150  19:01  Terran Vehicle And Ship Armor Level 1  
  150  19:16  Siege Tank  
  153  19:19  Medivac  
  155  19:24  Siege Tank  
  155  19:30  Marine, Marauder  
  155  19:31  Marine x2, Marauder  
  163  19:32  Marauder  
  163  19:34  Marine x3  
  163  19:35  Marine  
  162  19:48  Siege Tank  
  162  19:50  Refinery, SCV  
  162  19:51  Refinery  
  166  19:54  Command Center, SCV x4  
  166  19:56  Siege Tank  
  173  20:04  Marine x4  
  173  20:05  Marine x5  
  182  20:17  SCV  
  182  20:19  SCV  
  182  20:20  Siege Tank  
  187  20:37  Marine x4  
Show
View Real Time Build Order
Export as new Build Order

blackxored Zerg 

Build Orders: Hatch First 

Get SALT Encoding   

  12  0:01  Drone  
  13  0:08  Drone  
  14  0:17  Overlord  
  14  0:22  Extractor  
  14  0:23  Drone  
  15  0:37  Drone x2  
  17  0:53  Hatchery  
  17  0:56  Drone  
  17  0:59  Drone  
  18  1:10  Extractor  
  17  1:14  Spawning Pool  
  17  1:17  Drone  
  17  1:20  Drone  
  18  1:28  Drone  
  19  1:39  Overlord  
  19  1:52  Drone  
  20  2:01  Queen  
  20  2:03  Zergling x2  
  20  2:05  Queen  
  20  2:06  Zergling x2  
  26  2:13  Zergling x2  
  27  2:16  Drone  
  27  2:17  Metabolic Boost  
  28  2:25  Drone  
  29  2:35  Drone x2  
  31  2:43  Hatchery  
  30  2:47  Overlord  
  30  3:06  Zergling x6  
  30  3:07  Zergling x4  
  34  3:28  Drone x6  
  34  3:29  Drone  
  34  3:31  Overlord  
  34  3:32  Pneumatized Carapace  
  41  3:44  Drone x2  
  41  3:46  Overlord  
  43  3:52  Overlord  
  43  4:06  Queen  
  45  4:10  Queen  
  45  4:14  Queen  
  45  4:15  Drone x3  
  52  4:20  Zergling x4  
  52  4:21  Zergling x2  
  54  4:34  Drone x3  
  54  4:35  Drone x5  
  54  4:36  Drone  
  63  4:40  Spore Crawler  
  62  4:45  Queen  
  62  4:46  Drone  
  62  4:48  Drone  
  62  4:54  Spore Crawler  
  61  5:02  Spore Crawler  
  60  5:08  Drone x9  
  60  5:09  Drone  
  60  5:13  Zergling x2  
  71  5:28  Spine Crawler  
  71  5:33  Zergling x6  
  71  5:34  Roach Warren  
  72  5:36  Overlord  
  72  5:38  Overlord  
  72  5:49  Zergling x2  
  70  6:14  Lair  
  70  6:15  Drone x2  
  70  6:16  Drone x7  
  79  6:21  Extractor  
  79  6:22  Extractor  
  77  6:29  Roach x3  
  77  6:32  Extractor  
  82  6:34  Extractor  
  82  6:38  Extractor  
  80  6:44  Drone x2  
  82  6:47  Overlord x2  
  82  7:02  Overlord x3  
  82  7:05  Queen x2  
  82  7:08  Roach x3  
  92  7:10  Drone  
  92  7:19  Roach  
  92  7:20  Roach  
  96  7:29  Roach x3  
  102  7:31  Ravager x4  
  102  7:33  Queen  
  108  7:37  Drone x2, Evolution Chamber  
  108  7:38  Drone, Evolution Chamber  
  108  7:40  Baneling Nest  
  108  7:43  Roach x2  
  105  7:52  Roach  
  107  7:58  Roach  
  107  7:59  Roach x2  
  113  8:07  Zerg Missile Weapons Level 1  
  113  8:11  Infestation Pit  
  113  8:15  Overlord x4  
  113  8:26  Overlord x4  
  113  8:39  Overseer  
  113  8:41  Drone x7  
  120  8:54  Roach x2  
  120  8:55  Roach x4  
  132  8:56  Hatchery  
  129  9:10  Roach x6  
  129  9:11  Roach x2  
  138  9:23  Hive  
  138  9:24  Drone  
  138  9:27  Evolution Chamber  
  138  9:29  Drone x4  
  142  9:33  Roach x2  
  146  9:41  Overlord  
  146  9:47  Drone  
  146  9:48  Glial Reconstitution  
  146  9:49  Roach  
  146  9:50  Roach x7  
  146  9:52  Ravager x4  
  159  9:53  Ravager x5  
  162  10:02  Zerg Ground Armor Level 1  
  162  10:05  Drone x3  
  165  10:13  Spore Crawler  
  164  10:14  Overseer  
  164  10:26  Ravager x3  
  165  10:57  Ultralisk Cavern  
  165  10:58  Zerg Melee Weapons Level 1  
  165  11:03  Overlord x5  
  161  11:20  Queen x3  
  161  11:22  Spore Crawler  
  161  11:23  Spore Crawler, Spine Crawler  
  164  11:28  Drone x4  
  164  11:29  Drone x16  
  184  11:37  Roach x4  
  184  11:38  Roach x3  
  198  11:46  Overlord  
  197  11:47  Overlord x4  
  197  11:58  Chitinous Plating  
  197  12:18  Hatchery  
  197  12:20  Extractor x2, Zerg Ground Armor Level 2  
  192  12:37  Roach x4  
  192  12:38  Roach  
  169  12:54  Ultralisk x5  
  199  13:01  Extractor  
  199  13:02  Extractor  
  197  13:19  Zergling x4  
  165  13:42  Roach x2  
  165  13:43  Roach x15  
  165  13:44  Ultralisk  
  165  13:45  Ultralisk x2  
  182  13:53  Ultralisk  
  182  13:54  Ultralisk  
  165  14:09  Ultralisk  
  163  14:10  Hatchery  
  163  14:11  Zergling x16  
  167  14:20  Ultralisk  
  173  14:32  Hatchery  
  172  14:39  Ultralisk  
  172  14:41  Extractor  
  162  14:52  Ultralisk  
  156  14:58  Ultralisk  
  154  15:00  Zergling x26  
  154  15:07  Queen x2  
  147  15:19  Zergling x6  
  144  15:30  Ultralisk x2  
  141  15:40  Zergling x14  
  118  15:53  Ultralisk x2  
  123  16:10  Drone x2  
  123  16:11  Drone x4  
  128  16:12  Ultralisk  
  135  16:19  Extractor  
  135  16:22  Ultralisk  
  135  16:23  Zergling x4  
  135  16:24  Zergling x10  
  147  16:28  Baneling Nest, Zerg Melee Weapons Level 2  
  147  16:32  Queen  
  144  16:44  Ultralisk  
  144  16:45  Hatchery  
  143  16:47  Zergling x8  
  146  17:01  Zergling x4  
  146  17:02  Zergling x4  
  150  17:13  Drone x2  
  150  17:14  Drone x2  
  153  17:27  Drone x5  
  150  18:11  Zergling x12  
  87  18:52  Drone x3  
  90  18:59  Hatchery  
  74  19:31  Ultralisk  
  61  20:24  Ultralisk  
  67  20:33  Ultralisk  
Tags
 
Add a new tag
Caveats
  • Supply blocks, unpowered buildings, or Contaminate may cause inaccurate times.
  • Supply counts are checked every 10 seconds.